 Dungeon Crawl Stone Soup version 0.30-a0-924-g0ad0bf95bc (webtiles) character file.

Game seed: 3750419618998331635

240 bande the Covered (level 6, -2/38 HPs)
             Began as a Gargoyle Fighter on Mar 22, 2023.
             Slain by an iguana (8 damage)
             ... on level 4 of the Dungeon.
             The game lasted 00:04:11 (2540 turns).

bande the Covered (Gargoyle Fighter)                Turns: 2540, Time: 00:04:11

Health: -2/38      AC: 17    Str: 20    XL:     6   Next: 8%
Magic:  6/6        EV:  5    Int:  8    God:
Gold:   157        SH:  4    Dex: 11    Spells: 5/5 levels left

rFire   . . .      SeeInvis .    a - +0 war axe
rCold   . . .      Faith    .    c - +0 buckler
rNeg    + + .      Spirit   .    h - +0 plate armour
rPois   ∞          Reflect  .    v - +0 helmet
rElec   +          Rampage  .    (no cloak)
rCorr   .                        (no gloves)
Will    .....                    (no boots) Stlth
                                 (no amulet)
HPRegen 0.26/turn                t - ring of positive energy
MPRegen 0.10/turn                (no ring)

@: no status effects
A: sickness immunity, AC +4, negative energy resistance 1, electricity
resistance, torment resistance 1, petrification resistance
a: no special abilities


You were on level 4 of the Dungeon.
You visited 1 branch of the dungeon, and saw 4 of its levels.

You collected 157 gold pieces.

Inventory:

Hand Weapons
 a - a +0 war axe (weapon)
 r - a +0 flail
Armour
 c - a +0 buckler (worn)
 h - a +0 plate armour (worn)
 v - a +0 helmet (worn)
Jewellery
 j - a ring of wizardry
 o - a ring of magical power
 t - a ring of positive energy (left hand)
Scrolls
 l - 7 scrolls of teleportation
Potions
 b - a potion of degeneration {unknown}
 d - 2 potions of might
 g - a potion of attraction
 k - a potion of ambrosia
 m - 2 potions of haste
 n - a potion of brilliance
 q - a potion of curing
 u - a potion of flight


   Skills:
 + Level 4.2 Fighting
 + Level 4.0 Axes
 + Level 4.3 Armour
 + Level 4.1 Shields


You had 5 spell levels left.
You didn't know any spells.
Your spell library was empty.

Dungeon Overview and Level Annotations

Branches:
Dungeon (4/15)
 Temple: D:4-7

Altars:
The Shining One


Innate Abilities, Weirdness & Mutations

You are immune to sickness and miasma.
Your stone body is resilient. (AC +4)
You are immune to poison.
You resist negative energy. (rN+)
You are resistant to electric shocks. (rElec)
You are resistant to unholy torment.
You are immune to petrification.


Message History

The iguana bites you but does no damage.
The iguana bites you.
You hit the iguana.
The iguana is moderately wounded.
The iguana bites you but does no damage.
You closely miss the iguana.
The iguana is moderately wounded.
You block the iguana's attack.
You completely miss the iguana.
The iguana is moderately wounded.
The iguana bites you. The iguana closely misses you.
You barely miss the iguana.
The iguana is moderately wounded.
The iguana bites you.
You hit the iguana.
The iguana is heavily wounded.
The iguana bites you but does no damage.
You hit the iguana but do no damage.
The iguana is heavily wounded.
The iguana bites you but does no damage.
The iguana bites you.
You are too injured to fight recklessly!
You are too injured to fight recklessly!
You are too injured to fight recklessly!
You are too injured to fight recklessly!
You are too injured to fight recklessly!
You hit the iguana but do no damage.
The iguana is heavily wounded.
The iguana bites you.
You barely miss the iguana.
The iguana is heavily wounded.
The iguana barely misses you.
You hit the iguana but do no damage.
The iguana is heavily wounded.
The iguana bites you!
* * * LOW HITPOINT WARNING * * *
You hit the iguana.
The iguana is severely wounded.
The iguana bites you!
You die...

.....# # ....# #.....# #
##.#.#.# ### ... ..#.#^
...# ....##...##....###
...............+.#
..##l@.##....#.#
......#.#......#.# ..
#####.#.#.######.# ...
#.....# ##.#
...######.....# #..#
........#.....#####..###
........#.....#...#....#
........###'###........#
#...........#.......#.##


You could see an iguana.

Vanquished Creatures
  A bullfrog zombie (D:4)
  An iguana (D:4)
  3 hound zombies (D:4)
  4 gnolls (D:2)
  4 adders
  An adder zombie (D:4)
  A worm (D:2)
  A dart slug (D:3)
  4 orcs
  4 bats
  4 endoplasms
  A giant cockroach (D:3)
  6 goblins
  5 hobgoblins
  8 kobolds
  A quokka (D:3)
  5 ball pythons
  3 frilled lizards
  4 rats
61 creatures vanquished.

Vanquished Creatures (others)
  3 withered plants
3 creatures vanquished.

Grand Total: 64 creatures vanquished

Notes
Turn   | Place    | Note
-------+----------+-------------------------------------------
     0 | D:1      | bande the Gargoyle Fighter began the quest for the Orb.
     0 | D:1      | Reached XP level 1. HP: 14/14 MP: 1/1
   235 | D:1      | Reached XP level 2. HP: 17/19 MP: 2/2
   519 | D:2      | Found a glowing golden altar of the Shining One.
   584 | D:2      | Reached XP level 3. HP: 23/23 MP: 3/3
   620 | D:2      | Found a faded altar of an unknown god.
   893 | D:2      | Reached XP level 4. HP: 22/29 MP: 4/4
  1711 | D:3      | Reached XP level 5. HP: 29/33 MP: 5/5
  2346 | D:4      | Reached XP level 6. HP: 33/38 MP: 6/6
  2540 | D:4      | Slain by an iguana

Illustrated notes

Levels and vault maps discovered:
D:1:      wander_arrival_desolate, layout_rooms, hangedman_decor_push
D:2:      layout_loops_ring, basic_altar, ebering_ecumenical_altar_petrified,
          kennysheep_generic_room_13
D:3:      layout_loops_ring, minmay_ruptured
D:4:      layout_cave_pools, serial_undead, serial_undead_d, serial_undead_a,
          serial_undead_e, serial_undead_b, serial_undead_b,
          gammafunk_ghost_split, kennysheep_minor_cross,
          kennysheep_generic_room_16

Skill      XL: |  1  2  3  4  5  6 |
---------------+-------------------+-----
Axes           | 2 3 4 |  4.0
Armour         | 4 |  4.3
Shields        | 4 |  4.1
Fighting       | 4 |  4.2

Action                     |  1- 3 |  4- 6 || total
---------------------------+-------+-------++-------
  Melee: War axe           |    87 |   125 ||   212
    Use: Potion            |     3 |       ||     3
         Scroll            |       |    11 ||    11
 Armour: Scale mail        |    57 |    26 ||    83
         Plate armour      |       |    62 ||    62
  Dodge: Dodged            |    50 |    45 ||    95
  Block: Buckler           |    27 |    28 ||    55

Table legend: (Time is in decaauts)
 A = Elapsed time spent in this place.
 B = Non-inter-level travel time spent in this place.
 C = Inter-level travel time spent in this place.
 D = Time resting spent in this place.
 E = Time spent auto-exploring this place.
 F = Levels seen in this place.
 G = Mean time per level.
                   A        B        C        D        E       F      G
               +--------+--------+--------+--------+--------+-----+--------+
         Total |   2606 |   2495 |    111 |     10 |   1973 |   4 |  651.5 |
       Dungeon |   2606 |   2495 |    111 |     10 |   1973 |   4 |  651.5 |
               +--------+--------+--------+--------+--------+-----+--------+

Top non-repeatable levels by time:
     D:2: 901 daAuts
     D:3: 834 daAuts
     D:1: 534 daAuts
     D:4: 336 daAuts
